Map: King Sejong Station LE

Players

bos

  • Race: Protoss Protoss
  • League: Bronze

Gracz - Winner!

  • Race: Protoss Protoss
  • League: Bronze

VOD

Have the link to the VOD?

Description

Time

  • Played on: Sept. 16, 2016, 10:17 a.m.
  • Length: 2:41
Show
View Real Time Build Order
Export as new Build Order

bos Protoss 

Build Orders: Cannon Rush 

Get SALT Encoding   

  12  0:14  Probe (Chrono Boost)  
  13  0:30  Pylon  
  13  0:31  Probe (Chrono Boost)  
  14  0:42  Probe (Chrono Boost)  
  15  0:52  Probe (Chrono Boost)  
  16  0:58  Forge  
  16  1:03  Probe (Chrono Boost)  
  17  1:04  Pylon  
  17  1:23  Pylon  
  17  1:29  Pylon  
  17  1:50  Photon Cannon  
  17  1:52  Photon Cannon  
  17  1:54  Photon Cannon  
  17  1:58  Photon Cannon  
  17  2:14  Photon Cannon  
  17  2:22  Photon Cannon  
Show
View Real Time Build Order
Export as new Build Order

Gracz Protoss - Winner!

Build Orders:  

Get SALT Encoding   

  12  0:02  Probe (Chrono Boost)  
  13  0:13  Probe (Chrono Boost)  
  14  0:22  Pylon  
  14  0:47  Gateway  
  14  0:51  Gateway  
  14  0:52  Probe (Chrono Boost)  
  15  1:03  Probe (Chrono Boost)  
  16  1:09  Assimilator  
  16  1:14  Pylon  
  16  1:16  Probe (Chrono Boost)  
  17  1:35  Zealot  
  17  1:37  Zealot  
  21  2:07  Zealot x2  
  25  2:17  Cybernetics Core  
Tags
 
Add a new tag
Caveats
  • Supply blocks, unpowered buildings, or Contaminate may cause inaccurate times.
  • Supply counts are checked every 10 seconds.